[Event "FRA-ch Teams Top 16-A 2022"]
[Site "Chartres"]
[Date "2022.06.09"]
[Round "1.22"]
[White "Hirth, Julien"]
[Black "Stephan, Victor"]
[Result "0-1"]
[ECO "B22"]
[WhiteElo "2072"]
[BlackElo "2399"]
[Annotator "TA"]
[PlyCount "113"]
[EventDate "2022.06.09"]
[EventType "team-tourn"]
[EventCountry "FRA"]
[SourceTitle "playchess.com"]
[Source "ChessBase"]
[SourceQuality "1"]
[TimeControl "40/5400+30:1800+30"]

1. e4 {[%emt 0:00:04] ChessBase II} c5 2. c3 Nf6 3. e5 Nd5 4. Nf3 e6 5. d4 cxd4 6. cxd4 b6 7. Bd3 Bb4+ 8. Bd2 Bxd2+ 9. Nfxd2 (9. Kxd2 O-O $11) 9... Ba6 {[%emt 0:04:22] B22: Sicilian: 2 c3.} 10. Ne4 O-O 11. O-O Bxd3 {[%emt 0:06:46] White has an edge.} 12. Qxd3 Nc6 13. Nbc3 f5 {[%emt 0:07:36] [#]} 14. exf6 $146 ({Predecessor:} 14. Nd6 Nf4 15. Qg3 Ng6 16. Rad1 f4 17. Qg4 Qh4 18. Qxh4 Nxh4 19. Rfe1 Ng6 20. a3 {1-0 (47) Sebag,M (2415)-Romieux,S (2221) France 2006 EXT 2007 [ChessBase II]}) 14... Nxf6 15. d5 Nb4 16. Nxf6+ Qxf6 17. Qe4 $36 {[%emt 0:17:18][%mdl 2048] White has the initiative.} Na6 18. dxe6 {[%emt 0:04:06] [#] e7 is the strong threat.} Nc5 19. Qc4 {[%emt 0:07:02] aiming for Nd5.} Nxe6 (19... dxe6 $11 20. Rad1 Rac8) 20. Rad1 $16 Rac8 21. Qd5 Kh8 22. Qxd7 Nf4 23. Nd5 ({But not} 23. Qxa7 $6 Nxg2 24. Qd7 (24. Kxg2 Qf3+ 25. Kg1 Rf6 $17) 24... Nh4 $15) ({White should play} 23. Qd6 $16) 23... Nxd5 $11 24. Qxd5 Qxb2 25. Rd2 Qb4 26. Rd4 Qe7 27. Qd7 Qf6 28. Rd6 Qe5 29. Rd5 Qb2 30. Rd2 Qb4 31. Rd4 Qc5 32. Rd5 Qa3 33. Rd2 $1 ({Much weaker is} 33. Rg5 Qb2 34. f3 Rc1 $17) 33... h6 34. Rfd1 Rc1 35. Rxc1 Qxc1+ {[%emt 0:00:05][%mdl 4096] Endgame KQR-KQR} 36. Rd1 Qc2 37. Qd2 Rc8 {[%emt 0:02:41] ( -> ...Qxd2)} 38. h4 Rc4 39. Qd8+ Kh7 40. h5 {[%emt 0:00:00] [#]} (40. g3 $11) 40... Rc5 (40... Ra4 $1 $17 41. Re1 Rf4) 41. Rd5 (41. g4 $11 {remains equal.}) 41... Qc1+ $17 {[%emt 0:00:45] Black continues to play with concentration.} 42. Rd1 Qc4 43. Qe8 {[%emt 0:09:42] Strongly threatening Qg6+.} Qg4 {[%emt 0:01:57] Prevents Qg6+.} 44. f3 (44. Rd8 {gets mated.} Rc1+) 44... Qxh5 45. Qxh5 Rxh5 {[%emt 0:00:06] KR-KR} 46. Kf2 (46. a4 $17) 46... Ra5 $19 47. Rd2 Ra3 48. Ke2 Kg6 49. Kd1 (49. Kf2 $17 {keeps fighting.}) 49... Kf5 50. Kc1 $2 (50. Re2 {is a better chance.}) 50... g5 {[%emt 0:03:00] Black is clearly winning.} 51. Re2 Kf4 52. Kb2 Re3 53. Rd2 Kg3 54. Kc2 Ra3 55. Kb2 Ra5 56. Re2 h5 57. Kb3 {[%emt 0:00:06] Weighted Error Value: White=0.29 (precise) /Black=0.10 (very precise)} 0-1

[Event "FRA-ch Teams Top 16-A 2022"]
[Site "Chartres"]
[Date "2022.06.09"]
[Round "1.23"]
[White "Daulyte-Cornette, Deimante"]
[Black "Auvray, Juliette"]
[Result "1-0"]
[ECO "B50"]
[WhiteElo "2372"]
[BlackElo "1970"]
[Annotator "TA"]
[PlyCount "69"]
[EventDate "2022.06.09"]
[EventType "team-tourn"]
[EventCountry "FRA"]
[SourceTitle "playchess.com"]
[Source "ChessBase"]
[SourceQuality "1"]
[TimeControl "40/5400+30:1800+30"]

1. e4 c5 2. Nf3 d6 3. Nc3 Nf6 4. e5 dxe5 5. Nxe5 a6 6. g3 {[%emt 0:03:10] B50: Sicilian: 2...d6, Miscellaneous.} g6 {[%emt 0:05:50] 6...Qd6 is the modern continuation.} 7. Bg2 Bg7 8. O-O {[%emt 0:01:06] White is slightly better.} O-O 9. a4 Qc7 10. Re1 ({Of course not} 10. d4 cxd4 11. Qxd4 {[#]} Ng4 $1 $15) 10... e6 {[%emt 0:10:00] [#]} 11. d3 $146 ({Predecessor:} 11. Nc4 Nc6 12. d3 Nh5 13. a5 Nd4 14. Ne4 e5 15. Nb6 Rb8 16. Nd5 Qd8 17. Nxc5 {1-0 (24) Cabrera Pino,A (2415)-Arias,L (2252) Cali 2001}) 11... Nh5 (11... Nd5 $1 $14 12. Qe2 (12. Nxd5 exd5 13. Ng4 Be6 $11) 12... Nb4) 12. Qe2 $16 {[%emt 0:03:06] 0x0.00207b11ff99dp-1022s more active pieces.} Nc6 13. Nxc6 bxc6 14. Ne4 $36 {[%emt 0:05:03][%mdl 2048] Black is under strong pressure.} Qb6 (14... c4 $142 15. dxc4 f5) 15. a5 Qa7 16. Be3 Bd4 17. c3 Bxe3 18. Qxe3 Qc7 19. Nxc5 Rb8 20. b4 Nf6 21. Rab1 Nd5 22. Qd2 e5 23. c4 Nf6 24. Qg5 Nd7 25. Nxd7 Qxd7 26. Qxe5 Bb7 27. d4 Rbd8 28. Rbd1 Rfe8 29. Qf6 Qc7 (29... Rb8 $142 30. h4 h5) 30. h4 $18 h5 31. g4 {[%emt 0:05:50] [#] Threatens to win with gxh5.} hxg4 32. h5 {[%emt 0:00:06] White threatens h6 and mate.} gxh5 33. Qg5+ Kf8 34. Qxh5 f6 35. Qh8+ {[%emt 0:00:16] Black did not feel at home in the position after the opening.  Weighted Error Value: White=0.05 (flawless) /Black=0.73} 1-0

[Event "FRA-ch Teams Top 16-A 2022"]
[Site "Chartres"]
[Date "2022.06.09"]
[Round "1.24"]
[White "Lemonnier, Remi"]
[Black "Martsynovskaya, Marina"]
[Result "1-0"]
[ECO "C54"]
[WhiteElo "2033"]
[BlackElo "2070"]
[Annotator "TA"]
[PlyCount "79"]
[EventDate "2022.06.09"]
[EventType "team-tourn"]
[EventCountry "FRA"]
[SourceTitle "playchess.com"]
[Source "ChessBase"]
[SourceQuality "1"]
[TimeControl "40/5400+30:1800+30"]

1. e4 e5 2. Nf3 Nc6 3. Bc4 Bc5 4. c3 Nf6 5. d3 a6 6. Bb3 d6 7. h3 {[%emt 0:01:34] C54: Giuoco Piano: 4 c3 Nf6, main lines with 5 d4 and 5 d3.} h6 8. Nbd2 (8. O-O {with more complications.} O-O 9. Re1 Re8 10. Nbd2) 8... Qe7 9. Nf1 {[%emt 0:02:52] White is slightly better.} Be6 10. Ne3 Qd7 {[%emt 0:02:33] [#]} 11. Bxe6 $146 ({Predecessor:} 11. Bc2 d5 12. exd5 Nxd5 13. O-O O-O 14. Nc4 Bd6 15. Re1 f6 16. d4 exd4 17. Qd3 {1-0 (34) Talmazan,O-Gallardo de la Torre,Y Peniscola 2002}) 11... fxe6 (11... Qxe6 {seems wilder.} 12. Nf5 O-O 13. O-O Ne7) 12. O-O (12. b4 $5 Ba7 13. a4 $11) 12... Ba7 13. Qc2 O-O 14. Ng4 Nh5 15. Be3 Nf4 16. Ngh2 Qf7 17. Bxf4 exf4 18. d4 g5 (18... Rfe8 $14) 19. e5 $16 dxe5 (19... Kg7 $16 {was worth a try.}) 20. Ng4 $18 Kg7 21. dxe5 (21. Nfxe5 Qe8 22. Nxc6 Qxc6) (21. Ngxe5 $18 Nxe5 22. Nxe5) 21... Qf5 $11 22. Qb3 Bb6 23. Rad1 Rf7 (23... Rad8 $11) 24. Rfe1 $16 h5 25. Nf6 {[%emt 0:00:04] Pair of Knights!} g4 26. Nd4 Nxd4 27. cxd4 Rd8 28. Qc3 {[%emt 0:00:57] White is more active.} (28. Re4 $1 $16 Rxd4 29. Rexd4 (29. Rdxd4 Bxd4 30. Rxd4 Qxe5 $14) 29... Bxd4 30. Rxd4 Qxe5 31. Ne8+ Kh6 32. Qc3) 28... gxh3 {[%emt 0:02:08] [#]} 29. Qf3 $2 (29. Re4 $1 $16 {[%cal Re4f4] And now Rxf4! would win.} Kg6 30. g3 (30. Qf3 Bxd4 31. Rexd4 Rxd4 $15) 30... fxg3 31. Qxg3+ Qg5 32. Kh2 Qxg3+ 33. fxg3) 29... Bxd4 ({Better is} 29... Rxd4 $17 {Strongly threatening ...hxg2.} 30. Qxh3 Qxh3 31. gxh3 Kg6) 30. gxh3 (30. Re4 $11 Kg6 31. Rexd4 (31. Rdxd4 Rxd4 32. Rxd4 Qxe5 $11) (31. Rxf4 Qxe5 32. Qd3+ Kh6 $17) 31... Rxd4 32. Rxd4 Qxe5 33. Rxf4 Rxf6 34. Rxf6+ Qxf6 35. Qxh3) 30... Rxf6 (30... Kh6 $1 $15 31. Kh2 Rg7) 31. exf6+ $11 Kxf6 32. Kh2 e5 {[%emt 0:00:20] [#]} (32... Rd5 $11 {keeps the balance.}) 33. Qxb7 (33. Rg1 $1 $16) 33... Bxf2 $2 (33... Qc2 $11 34. Qg2 (34. Qxa6+ $2 Bb6 $19) 34... Qxf2 35. Qxf2 Bxf2 36. Rxd8 Bxe1) 34. Rxd8 $18 ({And not} 34. Qxc7 Bg3+ 35. Kg1 (35. Kg2 f3+ 36. Kxg3 Qf4+ 37. Kf2 Qh2+ 38. Ke3 Rxd1 $11) 35... Re8 $11) 34... Bg3+ 35. Kg1 {[%emt 0:00:35] Rf8+ would kill now.} Qc2 36. Qxa6+ Ke7 37. Rxe5+ {[%emt 0:00:51] White mates.} Kxd8 38. Qa8+ Kd7 39. Qe8+ Kd6 40. Qe6# {[%emt 0:01:55] Weighted Error Value: White=0.33/Black=0.56} 1-0

[Event "FRA-ch Teams Top 16-A 2022"]
[Site "Chartres"]
[Date "2022.06.09"]
[Round "1.25"]
[White "Malakhov, Vladimir"]
[Black "Abasov, Nijat"]
[Result "0-1"]
[ECO "D30"]
[WhiteElo "2652"]
[BlackElo "2635"]
[Annotator "TA"]
[PlyCount "130"]
[EventDate "2022.06.09"]
[EventType "team-tourn"]
[EventCountry "FRA"]
[SourceTitle "playchess.com"]
[Source "ChessBase"]
[SourceQuality "1"]
[TimeControl "40/5400+30:1800+30"]

1. Nf3 d5 2. e3 Nf6 3. c4 e6 4. d4 a6 5. b3 c5 6. Bd3 {[%emt 0:05:04] D30: Queen's Gambit Declined: Systems without Nc3.} cxd4 7. exd4 b6 $5 {[%emt 0:00:24][%mdl 4] Leaves trodden paths.} 8. O-O {[%emt 0:01:34] The position is equal.} Bb7 9. Bb2 Be7 10. Nbd2 Nbd7 11. Qe2 O-O 12. Rac1 dxc4 13. bxc4 {[%emt 0:03:34] [#]} Qc7 $146 ({Predecessor:} 13... b5 14. c5 Bd5 15. a4 bxa4 16. Ra1 Bc6 17. Nc4 Nd5 18. Nfe5 Nxe5 19. Nxe5 Bb5 20. Bxb5 axb5 21. Qxb5 {½-½ (60) Balacek,T (2334)-Zeman,M (2247) Czech Republic 2019}) 14. Ng5 Qf4 15. Nh3 Qg4 16. f3 Qh5 17. Nf2 Rfe8 18. Nde4 Rac8 19. Rb1 Nxe4 20. Nxe4 Bc6 21. Bc1 f5 22. Nc3 Bd6 23. f4 Qg6 24. Bd2 Bc7 25. Qf2 Nf6 26. h3 b5 (26... Rcd8 $1 $15 27. Ne2 (27. Be3 Bxf4 28. d5 Bxe3 $17) 27... Ne4 28. Bxe4 Bxe4) 27. cxb5 $14 axb5 28. Bxb5 Ba5 29. Bxc6 Rxc6 30. Qf3 Rec8 31. Rb8 {[%emt 0:03:38] aiming for Qxc6.} Qe8 32. Rxc8 Qxc8 33. Nb1 (33. Nb5 $1 $11 Qa6 34. Bxa5 Qxb5 35. Bb4) 33... Bb6 $36 {[%emt 0:00:27][%mdl 2048] Black is in control.} 34. Qd3 {[%emt 0:03:26] [#]} Qa6 $1 35. Qxa6 Bxd4+ {[%emt 0:00:05][%mdl 64] Discovered Attack} 36. Kh2 Rxa6 37. Bc3 Bc5 {[%emt 0:03:58] Black is more active.} 38. Bxf6 gxf6 {[%emt 0:00:06][%mdl 4096] Endgame KRB-KRN} 39. a3 Kf7 40. Rf3 Ra4 41. g3 h5 42. Rc3 Bd6 43. Rd3 Ke7 ({Better is} 43... Ra6 $17 44. Nd2 Bxa3) 44. h4 Ra5 45. Nd2 {[%emt 0:01:35][%cal Od3d6] Strongly threatening Rxd6!} Rc5 (45... Bxa3 $2 46. Nc4 Bb4 47. Nxa5 Bxa5 48. Rb3 $16) (45... Rxa3 $2 46. Rxd6 $1 Ra2 47. Rd3 $18) 46. Nf1 (46. a4 $142) 46... Rc2+ $1 47. Kh3 Ra2 48. Ne3 (48. Nd2 $17) 48... Bxa3 $19 ({Stronger than} 48... Rxa3 49. Rxd6 Rxe3 50. Ra6 $17) 49. Nc2 Bc5 ({And not} 49... Rxc2 50. Rxa3 Rd2 51. Ra6 $15) 50. Nd4 Bxd4 51. Rxd4 {[%emt 0:00:04] KR-KR} e5 $1 52. Rd5 {[%emt 0:02:42] [#]} e4 53. Rxf5 $2 {[%emt 0:00:09][%mdl 8192] This move loses the game for White.} (53. Rb5 $17) 53... e3 {[%emt 0:00:05] ( -> ...e2). Black is clearly winning.} 54. Rb5 {[%emt 0:00:02] [#]} Rf2 $1 55. Rb4 f5 56. Rb5 e2 57. Re5+ Kd6 58. g4 hxg4+ 59. Kg3 Rf3+ 60. Kg2 Rxf4 61. Rxe2 Rf3 62. Re8 Rh3 63. Rh8 Ke5 64. h5 Kf6 65. h6 Ke5 {[%emt 0:05:05] Weighted Error Value: White=0.18 (very precise) /Black=0.06 (flawless)} 0-1

[Event "FRA-ch Teams Top 16-A 2022"]
[Site "Chartres"]
[Date "2022.06.09"]
[Round "1.26"]
[White "Santos Ruiz, Miguel"]
[Black "Piorun, Kacper"]
[Result "0-1"]
[ECO "C67"]
[WhiteElo "2586"]
[BlackElo "2635"]
[Annotator "TA"]
[PlyCount "86"]
[EventDate "2022.06.09"]
[EventType "team-tourn"]
[EventCountry "FRA"]
[SourceTitle "playchess.com"]
[Source "ChessBase"]
[SourceQuality "1"]
[TimeControl "40/5400+30:1800+30"]

1. e4 e5 2. Nf3 Nc6 3. Bb5 Nf6 4. O-O Nxe4 5. Re1 Nd6 6. Nxe5 Be7 7. Bf1 O-O {[%emt 0:00:22] C67: Ruy Lopez: Berlin Defence: 4 0-0 Nxe4.} 8. d4 Nf5 9. Nf3 d5 {[%emt 0:00:06] White is slightly better.} 10. a4 Bd6 {[%emt 0:08:32] [#]} 11. h3 $146 ({Predecessor:} 11. c3 a6 12. Nbd2 Re8 13. a5 f6 14. h3 Rxe1 15. Nxe1 Qd7 16. Nd3 Qf7 17. Nb3 {½-½ (33) Volkov,E (2340)-Romm,M (2452) ICCF email 2015}) 11... Qf6 12. c3 h6 13. Nbd2 Nfe7 14. b4 Ng6 15. g3 Bf5 16. Qb3 (16. Nh2 {looks sharper.} Nxb4 17. cxb4 Qxd4 18. Ra2) 16... Nce7 17. Ba3 Rac8 18. b5 c5 19. bxc6 (19. h4 {with more complications.} Rfd8 20. dxc5 Bxc5 21. Bxc5 Rxc5 22. Qb4) 19... Rxc6 (19... bxc6 {feels hotter.} 20. Re3 Rb8 21. Qa2 Bc8) 20. Qxb7 (20. Bxd6 {is more complex.} Qxd6 21. Qxb7 Rxc3 22. Qxa7 Nc6 23. Qa6) 20... Rxc3 21. Bxd6 Qxd6 22. Qxa7 Be4 23. Nxe4 dxe4 24. Ne5 e3 25. Rxe3 Rxe3 {[%emt 0:00:07][%mdl 64] Remove Defender} 26. fxe3 Nxe5 27. dxe5 Qxe5 28. Qd4 Qxg3+ 29. Bg2 (29. Kh1 $1 $11 {keeps the balance.}) 29... Ng6 $1 $17 {[%emt 0:23:27] Threatens to win with ...Nh4.} 30. Kh1 Re8 $1 31. a5 Rxe3 $40 {[%emt 0:00:00][%mdl 128] Strongly threatening ...Nf4. Black has strong attack.} 32. a6 $2 {[%emt 0:00:00][%mdl 8192] [#] White does not recover from this.} (32. Qd8+ $17 Kh7 33. Qd5) 32... Nf4 $1 $19 33. Qd2 {[%emt 0:00:02] a7 is the strong threat.} Nxg2 ({Much less strong is} 33... Re2 {[#]} 34. Qxe2 $3 Nxe2 35. a7 $18) 34. a7 Qxh3+ 35. Kg1 Nf4 36. a8=Q+ Kh7 {[%emt 0:00:00] ( -> ...Rg3+). Dancing on a razor blade.} 37. Qh2 (37. Qxe3 Qxe3+ 38. Kh1) 37... Qg4+ 38. Kh1 Re2 39. Qg8+ $2 (39. Qxe2 $19 Nxe2 40. Qa3) 39... Kxg8 {[%emt 0:00:00] Black mates.} 40. Ra8+ Kh7 41. Rh8+ Kg6 (41... Kxh8 42. Qxh6+ Kg8 43. Qxg7+ Kxg7 $11) 42. Rxh6+ Kf5 ({And not} 42... gxh6 43. Qxh6+ Kf5 44. Qg6+ fxg6 $11) 43. Rf6+ Ke5 {[%emt 0:00:23] Weighted Error Value: White=0.46/Black=0.06 (flawless)} 0-1

[Event "FRA-ch Teams Top 16-A 2022"]
[Site "Chartres"]
[Date "2022.06.09"]
[Round "1.27"]
[White "Van Foreest, Lucas"]
[Black "Parligras, Mircea-Emilian"]
[Result "1/2-1/2"]
[ECO "E15"]
[WhiteElo "2572"]
[BlackElo "2583"]
[Annotator "TA"]
[PlyCount "79"]
[EventDate "2022.06.09"]
[EventType "team-tourn"]
[EventCountry "FRA"]
[SourceTitle "playchess.com"]
[Source "ChessBase"]
[SourceQuality "1"]
[TimeControl "40/5400+30:1800+30"]

1. d4 Nf6 2. c4 e6 3. Nf3 d5 4. g3 Bb4+ 5. Bd2 Be7 6. Bg2 O-O 7. O-O c6 8. Qc2 b6 9. Rd1 Ba6 10. b3 Nbd7 11. Nc3 {[%emt 0:03:34] E15: Queen's Indian: 4 g3 sidelines, 4 g3 Ba6 and 4 g3 Bb7 early deviations.} dxc4 {[%emt 0:02:57] has lost popularity (11...Rc8).} 12. e4 h6 {[%emt 0:08:08] [#]} 13. h4 $146 {[%emt 0:00:11] The position is equal.} (13. Bf4 $5 ) ({Predecessor:} 13. h3 Qc8 14. Be3 Rd8 15. Nd2 b5 16. bxc4 bxc4 17. Rab1 {½-½ (17) Bajarani,U (2471)-Abasov,N (2516) Baku 2014}) 13... b5 14. bxc4 bxc4 15. Bh3 Re8 16. g4 (16. Rab1 $11) 16... Nh7 $15 17. Bg2 Bxh4 18. Nxh4 (18. Qa4 $15 Bb7 19. Qxc4) 18... Qxh4 $17 19. f3 e5 20. d5 Qf6 21. Qa4 {[%emt 0:16:09] [#]} ({White should play} 21. dxc6 Qxc6 22. Qa4 Qc5+ 23. Kh2) 21... Bb7 $1 {[%emt 0:00:31] Threatens to win with ...Nb6.} 22. dxc6 Qxc6 ({Better is} 22... Bxc6 $17 23. Qxc4 Ng5 24. Bxg5 hxg5) 23. Qxc6 $11 Bxc6 24. Bf1 Ng5 25. Kf2 Rab8 26. Bxc4 Rec8 27. Rac1 Nc5 28. Be3 {[%emt 0:00:59] A strong pair of Bishops.} Nge6 29. Ne2 Kf8 30. Rd2 a5 31. Rdc2 Bd7 32. Rc3 (32. Rd2 {looks sharper.} Ke7 33. Rcc2 Na4 34. Bb3) 32... Na4 (32... Ke7 $5 ) 33. Bxe6 Bxe6 34. Rxc8+ Rxc8 35. Rxc8+ Bxc8 {[%emt 0:00:04] KBN-KBN} 36. Bd2 Be6 37. Bxa5 Bxa2 {[%emt 0:00:07] Black is slightly better.} 38. Nc3 Nxc3 39. Bb4+ Ke8 40. Bxc3 {[%emt 0:00:03] Weighted Error Value: White=0.15 (very precise) /Black=0.14 (very precise)} 1/2-1/2

[Event "FRA-ch Teams Top 16-A 2022"]
[Site "Chartres"]
[Date "2022.06.09"]
[Round "1.28"]
[White "Loiseau, Quentin"]
[Black "Vlachos, Anatole"]
[Result "1-0"]
[ECO "C54"]
[WhiteElo "2445"]
[BlackElo "2410"]
[Annotator "TA"]
[PlyCount "81"]
[EventDate "2022.06.09"]
[EventType "team-tourn"]
[EventCountry "FRA"]
[SourceTitle "playchess.com"]
[Source "ChessBase"]
[SourceQuality "1"]
[TimeControl "40/5400+30:1800+30"]

1. e4 e5 2. Nf3 Nc6 3. Bc4 Bc5 4. c3 Nf6 5. d4 exd4 6. e5 d5 7. Bb5 Ne4 8. cxd4 Bb6 9. Nc3 {[%emt 0:00:27] C54: Giuoco Piano: 4 c3 Nf6, main lines with 5 d4 and 5 d3.} Bg4 10. Be3 O-O 11. h3 {[%emt 0:00:34] The position is equal.} Bh5 12. Qc2 Nxc3 {[%emt 0:10:15] Nowadays more popular than 12...Bg6.} 13. bxc3 Ne7 {[%emt 0:00:24] [#]} 14. Be2 $146 ({Predecessor:} 14. Bd3 Bg6 15. O-O Rc8 16. Bxg6 Nxg6 17. Qb3 c5 18. a4 cxd4 19. cxd4 Ne7 20. Bg5 {1-0 (47) Lagno,K (2541)-Yildiz Kadioglu,B (2350) Heraklion 2017}) 14... c6 15. O-O Bc7 16. Rae1 Qd7 17. Bf4 ({Of course not} 17. Ng5 Bg6 18. Bd3 f6 $11) 17... h6 18. Qd2 Bg6 (18... Ba5 $14) 19. Nh4 $1 $16 Bh7 (19... f6 $16) 20. Bg4 $18 Qd8 {[%emt 0:00:06] [#]} (20... Nf5 $16) 21. Bg3 $2 (21. Bxh6 $1 $18 {[%mdl 512] and the rest is easy. Bg5 is the strong threat.} Kh8 (21... c5 22. Qg5) 22. Bg5) 21... c5 (21... f5 $142) 22. dxc5 $16 {[%emt 0:02:54] 0x0.0020788d2740dp-1022s more active pieces. The black rooks are badly placed.} Nc6 (22... Qe8 $16 23. e6 Bxg3 24. exf7+ (24. fxg3 f5 $16) 24... Rxf7 25. fxg3 Rxf1+ 26. Rxf1 Rd8) 23. Nf5 $18 Bxf5 24. Bxf5 d4 25. Bb1 Ba5 (25... Qg5 {is a better defense.} 26. Qd3 Qg6) 26. Qd3 g6 27. e6 Qf6 28. Re4 dxc3 (28... Bxc3 {was necessary.} 29. Bd6 Rfe8 30. exf7+ Qxf7) 29. Bd6 Rfe8 (29... Rae8 $142 30. exf7+ Qxf7) 30. exf7+ Qxf7 31. Rg4 $2 (31. Rf4 Qd7 32. Qd5+ Kh8 33. Rf7) 31... Re6 32. a3 Rf6 33. Qc2 ({Less strong is} 33. Rxg6+ Rxg6 34. Qxg6+ Qxg6 35. Bxg6 Nd4 $14) 33... Kh7 34. h4 {[%emt 0:00:36] Black must now prevent h5.} h5 35. Re4 {[%emt 0:00:19][%cal Bg4e4,Be4e8,Be8e7][%mdl 32] Threatens to win with Ba2.} Re8 36. Rfe1 Nd4 $2 {[%emt 0:00:52][%mdl 8192] [#] A mistake that costs the game.} 37. Rxe8 $1 {[%emt 0:00:33] Qd1 would kill now.} Nxc2 38. Bxc2 {[%emt 0:00:23] aiming for R1e7. This bishop pair is nice.} Qa2 39. R1e7+ Rf7 {[%emt 0:00:00] [#]} 40. Rxf7+ (40. Be5 $142 $1 Qa1+ 41. Kh2 Qg1+ 42. Kxg1 Rg7 43. Rxg7+ Kh6 44. Rh8#) 40... Qxf7 41. Re7 {[%emt 0:30:02] Weighted Error Value: White=0.39/Black=0.55} 1-0

[Event "FRA-ch Teams Top 16-A 2022"]
[Site "Chartres"]
[Date "2022.06.09"]
[Round "1.29"]
[White "Shchekachev, Andrei"]
[Black "Demuth, Adrien"]
[Result "1/2-1/2"]
[ECO "E92"]
[WhiteElo "2508"]
[BlackElo "2493"]
[Annotator "TA"]
[PlyCount "56"]
[EventDate "2022.06.09"]
[EventType "team-tourn"]
[EventCountry "FRA"]
[SourceTitle "playchess.com"]
[Source "ChessBase"]
[SourceQuality "1"]
[TimeControl "40/5400+30:1800+30"]

1. Nf3 Nf6 2. c4 g6 3. Nc3 Bg7 4. e4 d6 5. d4 O-O 6. Be2 e5 7. d5 a5 8. h3 Na6 9. Be3 Nh5 $1 10. g3 {[%emt 0:01:38] E92: King's Indian: Classical: 6 Be2 e5: 7 dxe5, 7 Be3 and Petrosian System without 7...Nbd7.} f5 11. exf5 gxf5 12. Bg5 {[%emt 0:04:20] The position is equal.} Qe8 13. Nh4 Nf6 14. g4 f4 $1 15. Nf5 {[%emt 0:05:59] Prevents h6.} Bxf5 16. gxf5 Nc5 $1 17. Rg1 Kh8 $1 {[%emt 0:00:34] [#]} 18. Nb5 $146 ({Predecessor:} 18. Qc2 e4 19. O-O-O Qe5 20. Kb1 a4 21. a3 Qxf5 22. f3 Rae8 23. Bxf6 Qxf6 24. fxe4 {0-1 (30) Baeckstroem,B (2102)-Palladino,M (2219) ICCF email 2020}) 18... Qd7 19. Qc2 c6 20. Nc3 cxd5 21. Bxf6 Rxf6 22. Nxd5 Qxf5 (22... Rxf5 $2 23. Nb6 Qf7 24. Nxa8 $18) 23. O-O-O Rf7 24. Qxf5 {[%emt 0:03:01] Black is slightly better.} Rxf5 25. Bg4 Rf7 26. f3 e4 27. fxe4 Nxe4 {[%emt 0:00:07] Hoping for ...f3.} 28. Rgf1 Nf6 {[%emt 0:08:48] Weighted Error Value: White=0.07 (flawless) /Black=0.02 (flawless)} ({Better is} 28... Be5 $15) 1/2-1/2

[Event "FRA-ch Teams Top 16-A 2022"]
[Site "Chartres"]
[Date "2022.06.09"]
[Round "1.30"]
[White "Wirig, Anthony"]
[Black "Abergel, Thal"]
[Result "0-1"]
[ECO "B40"]
[WhiteElo "2520"]
[BlackElo "2378"]
[Annotator "TA"]
[PlyCount "90"]
[EventDate "2022.06.09"]
[EventType "team-tourn"]
[EventCountry "FRA"]
[SourceTitle "playchess.com"]
[Source "ChessBase"]
[SourceQuality "1"]
[TimeControl "40/5400+30:1800+30"]

1. e4 c5 2. Nf3 e6 3. g3 Nc6 4. Bg2 Nf6 5. Qe2 d5 6. exd5 {[%emt 0:05:32] B40: Sicilian: 2...e6, Unusual lines.} Nxd5 7. O-O Be7 8. Rd1 {[%emt 0:02:12] The position is equal.} Qb6 9. c3 Bf6 {[%emt 0:12:27] Against d4} 10. Na3 O-O 11. Nc4 Qa6 {[%emt 0:02:18] [#]} 12. Bf1 $146 ({Predecessor:} 12. Re1 Bd7 13. d3 Rad8 14. Qc2 b5 15. Nce5 Bxe5 16. Nxe5 Nxe5 17. Rxe5 Qd6 18. Re1 {½-½ (30) Heinemann,T (2501)-Abergel,T (2469) Germany 2019}) 12... b6 13. Qe4 Qb7 14. Nd6 Qe7 15. Nxc8 Raxc8 16. d3 Bxc3 17. bxc3 Nxc3 18. Qe1 ({Not} 18. Bg5 $2 f6 19. Qg4 fxg5 $19) 18... Nxd1 19. Qxd1 Qd6 20. Be3 e5 21. Rc1 h6 22. Qb3 Kh7 23. Re1 Rc7 24. Bc1 Re7 25. Bb2 Nd4 26. Bxd4 exd4 27. Rxe7 Qxe7 28. h4 Qd6 29. h5 Kg8 30. Nh4 Rd8 31. Bg2 Qe6 32. Qc2 {[%emt 0:01:02] [#] Against c4} (32. Qxe6 $11 {and White has nothing to worry.} fxe6 33. Kf1) 32... c4 $1 $19 33. dxc4 $2 (33. Be4 {is more resistant.} c3 34. Nf5) 33... Qe1+ {[%emt 0:00:28] Black is clearly winning.} 34. Kh2 d3 35. Qb2 Qe2 36. Qc3 d2 37. Nf5 Qxh5+ 38. Bh3 Qxf5 39. Bxf5 d1=Q {[%emt 0:00:11][%mdl 4096] [#] Endgame Strongly threatening ...Qh5+. KQR-KQB} 40. Kg2 Qd4 41. Qc2 Re8 42. Bh7+ Kf8 43. Bd3 g6 {[%emt 0:00:26] ...h5 is the strong threat.} 44. Kg1 Kg7 45. Kg2 h5 {[%emt 0:00:00] Weighted Error Value: White=0.51/Black=0.25 (precise)} 0-1